 Dungeon Crawl Stone Soup version 0.28-a0-906-g0406aca7d3 (console) character file.

Game seed: 484426417221578842

333 jejorda2 the Cudgeller (level 6, -2/40 HPs)
             Began as a Gargoyle Berserker on Nov 23, 2021.
             Was a Believer of Trog.
             Killed from afar by Natasha (7 damage)
             ... with a magic dart
             ... on level 3 of the Dungeon.
             The game lasted 00:04:57 (2508 turns).

jejorda2 the Cudgeller (Gargoyle Berserker)         Turns: 2508, Time: 00:04:58

Health: -2/40      AC: 16    Str: 23    XL:     6   Next: 52%
Magic:  6/6        EV:  7    Int:  7    God:    Trog [**....]
Gold:   107        SH:  0    Dex:  9    Spells: 5/5 levels left

rFire   . . .      SeeInvis .   a - +0 mace
rCold   . . .      Faith    .   (no shield)
rNeg    + . .      Spirit   .   c - +0 plate armour
rPois   ∞          Reflect  .   (no helmet)
rElec   +          Harm     .   (no cloak)
rCorr   .          Rampage  .   (no gloves)
Will    .....                   (no boots)
Stlth   ..........              (no amulet)
HPRegen 0.13/turn               (no ring)
MPRegen 0.10/turn               (no ring)

@: on berserk cooldown, slowed, very slow
A: sickness immunity, AC +4, negative energy resistance 1, electricity
resistance, torment resistance 1, petrification resistance
a: Renounce Religion, Berserk, Trog's Hand


You were on level 3 of the Dungeon.
You worshipped Trog.
Trog was pleased with you.
You visited 1 branch of the dungeon, and saw 4 of its levels.

You collected 107 gold pieces.

Inventory:

Hand Weapons
 a - a +0 mace (weapon)
Missiles
 k - 33 stones (quivered)
 n - 6 sling bullets
Armour
 c - a +0 plate armour (worn)
Wands
 j - a wand of flame (8)
Scrolls
 g - a scroll of enchant weapon {unknown}
 h - a scroll of silence {unknown}
 i - a scroll of noise {unknown}
 l - a scroll of vulnerability {unknown}
 m - a scroll of holy word {unknown}
Potions
 b - 2 potions of lignification {unknown}
 d - 3 potions of curing {unknown}
 e - 2 potions of haste {unknown}
 f - 2 potions of heal wounds {unknown}


   Skills:
 + Level 4.8 Fighting
 * Level 5.4 Maces & Flails
 + Level 4.0 Armour
 - Level 1.5 Dodging


You had 5 spell levels left.
You didn't know any spells.
Your spell library was empty.

Dungeon Overview and Level Annotations

Branches:
Dungeon (4/15)             Temple (0/1) D:4

Altars:

Annotations:
D:3 Natasha


Innate Abilities, Weirdness & Mutations

You are immune to sickness and miasma.
Your stone body is resilient. (AC +4)
You are immune to poison.
You resist negative energy. (rN+)
You are resistant to electric shocks. (rElec)
You are resistant to unholy torment.
You are immune to petrification.


Message History

Natasha is heavily wounded.
Natasha claws you but does no damage. The white imp completely misses you.
The shadow imp hits you but does no damage.
Natasha wildly gestures.
You feel troubled. Natasha closely misses you.
You hit Natasha but do no damage.
Natasha is heavily wounded.
The white imp hits you but does no damage.
The shadow imp barely misses you. Natasha claws you.
* * * LOW HITPOINT WARNING * * *
The white imp hits you but does no damage.
The shadow imp barely misses you.
You closely miss Natasha.
Natasha is heavily wounded.
Natasha wildly gestures.
Natasha glows brightly for a moment.
Natasha claws you.
* * * LOW HITPOINT WARNING * * *
The white imp hits you but does no damage.
The shadow imp barely misses you. Natasha claws you but does no damage.
The white imp barely misses you.
The shadow imp hits you but does no damage.
Aiming: Throw Flame
Press: ? - help, Shift-Dir - straight line, f - Natasha
Aim: Natasha (heavily wounded, 60% to hit)
The puff of flame hits Natasha.
Natasha is almost dead.
Natasha claws you but does no damage.
The white imp hits you but does no damage.
The shadow imp barely misses you. Natasha closely misses you.
Aiming: Throw Flame
Press: ? - help, Shift-Dir - straight line, f/p - Natasha
Aim: Natasha (almost dead, 60% to hit)
The puff of flame misses Natasha.
The white imp hits you but does no damage.
The shadow imp hits you but does no damage.
Natasha casts a spell at you. The magic dart hits you!
You die...

####..# .....
#.....##....#.
#.............
#.............
#..†..........
#..)).........
#########...#.#.......
##.......).5#5..#.....
##.......###.@h.........
#.........####..........
#.........# ####.......
#.........# .. .......
#.........# . .l.....
####.........# .#
.@.....
..†.>.......###.#
.......
####.......>.#..# ....
####...........#


You could see Natasha, a white imp (summoned) and a shadow imp (summoned).

Vanquished Creatures
  Sigmund (D:2)
  Jessica (D:3)
  Natasha (D:3)
  A gnoll (D:1)
  4 adders
  An adder skeleton (D:4)
  3 worms
  A dart slug (D:1)
  An orc (D:3)
  An endoplasm (D:3)
  4 giant cockroaches
  4 hobgoblins
  4 jackals (D:2)
  7 kobolds
  2 quokkas (D:3)
  8 ball pythons
  6 bats
  4 frilled lizards
  3 goblins
  6 rats
63 creatures vanquished.

Vanquished Creatures (others)
  10 demonic plants (D:1)
  2 fungi (D:1)
  4 plants (D:1)
  3 withered plants (D:1)
19 creatures vanquished.

Grand Total: 82 creatures vanquished

Notes
Turn   | Place    | Note
-------+----------+-------------------------------------------
     0 | D:1      | jejorda2 the Gargoyle Berserker began the quest for the
                  | Orb.
     0 | D:1      | Reached XP level 1. HP: 14/14 MP: 1/1
   290 | D:1      | Reached XP level 2. HP: 17/19 MP: 2/2
   649 | D:1      | Reached XP level 3. HP: 19/23 MP: 3/3
   863 | D:1      | Found a faded altar of an unknown god.
  1333 | D:2      | Reached ** piety under Trog
  1412 | D:2      | Reached skill level 4 in Maces & Flails
  1412 | D:2      | Reached XP level 4. HP: 7/29 MP: 4/4
  1785 | D:2      | Noticed Sigmund
  1815 | D:2      | Killed Sigmund
  1816 | D:2      | Reached skill level 5 in Maces & Flails
  1816 | D:2      | Reached XP level 5. HP: 34/34 MP: 5/5
  1924 | D:2      | Reached XP level 6. HP: 28/39 MP: 6/6
  2092 | D:2      | You fall into a shaft and drop 2 floors!
  2145 | D:4      | Found a staircase to the Ecumenical Temple.
  2459 | D:3      | Noticed Natasha
  2460 | D:3      | Noticed Jessica
  2482 | D:3      | Killed Natasha
  2485 | D:3      | Killed Jessica
  2487 | D:3      | Noticed Natasha
  2508 | D:3      | Killed from afar by Natasha

Illustrated notes

Levels and vault maps discovered:
D:1:      tarquinn_simple_flora_water_e, layout_basic,
          shapermc_ecumenical_altar_gd, minmay_misc_feat_roman
D:2:      layout_rooms, serial_aquarium, aquarium_bridge_square
          [aquarium_subvault_window, aquarium_subvault_bridge,
          aquarium_subvault_wall, aquarium_subvault_balcony],
          aquarium_bridge_square [aquarium_subvault_wall,
          aquarium_subvault_window, aquarium_subvault_bridge,
          aquarium_subvault_bridge], aquarium_window_1, aquarium_window_2,
          aquarium_view_2d, aquarium_balcony_5b, uniq_sigmund
D:3:      layout_rooms, nicolae_uskayaw_suspiria, jmf_multi_god_temple,
          hangedman_decor_points, hangedman_abyss_or_decor_lesser_grid,
          roderic_filled_cross, uniq_natasha, uniq_jessica
D:4:      layout_basic, minmay_temple_entry_wispy

Skill      XL: |  1  2  3  4  5  6 |
---------------+-------------------+-----
Maces & Flails | 4 5 |  5.4
Fighting       | 4 |  4.8
Armour         | 3 4 |  4.0
Dodging        | |  1.5

Action                   |  1- 3 |  4- 6 || total
-------------------------+-------+-------++-------
Melee: Mace              |   137 |   117 ||   254
Invok: Berserk           |     1 |     2 ||     3
       Trog's Hand       |       |     2 ||     2
Evoke: Wand              |       |     2 ||     2
Armor: Plate armour      |   109 |   103 ||   212
Dodge: Dodged            |    42 |    63 ||   105

Table legend: (Time is in decaauts)
 A = Elapsed time spent in this place.
 B = Non-inter-level travel time spent in this place.
 C = Inter-level travel time spent in this place.
 D = Time resting spent in this place.
 E = Time spent auto-exploring this place.
 F = Levels seen in this place.
 G = Mean time per level.
                   A        B        C        D        E       F      G
               +--------+--------+--------+--------+--------+-----+--------+
         Total |   2593 |   2560 |     33 |    328 |   1643 |   4 |  648.2 |
       Dungeon |   2593 |   2560 |     33 |    328 |   1643 |   4 |  648.2 |
               +--------+--------+--------+--------+--------+-----+--------+

Top non-repeatable levels by time:
     D:1: 1314 daAuts
     D:2: 835 daAuts
     D:3: 366 daAuts
     D:4: 77 daAuts
